[Event "Titled Tuesday Blitz March 29 Late 2022"]
[White "Vovk, Orest"]
[Black "Diaz Perez, Michel Alejandro"]
[WhiteFideId "14113490"]
[BlackFideId "3517179"]
[WhiteElo "2203"]
[BlackElo "2337"]
[Result "1-0"]
[Round "11"]
[TimeControl "180+1"]
[Date "2022.03.29"]
[WhiteClock "0:00:07"]
[BlackClock "0:00:13"]

1. h4 e5 2. h5 d5 3. h6 Nxh6 4. d4 e4 5. Bxh6 gxh6 6. e3 c5 7. Ne2 Nc6 8. Nbc3 Be6 9. Rh5 cxd4 10. Nxd4 Bg7 11. Nce2 Qa5+ 12. c3 Qb6 13. Qb3 Ne5 14. Nf4 Qxb3 15. axb3 Ke7 16. Ra5 Rhd8 17. Nf5+ Kf6 18. Nxg7 Bg4 19. Rxe5 Kxe5 20. Be2 Bxe2 21. Kxe2 b6 22. Rb5 Rd6 23. c4 a6 24. Rxd5+ Rxd5 25. cxd5 Rc8 26. Kd2 b5 27. Ngh5 a5 28. Ng3 a4 29. bxa4 bxa4 30. Nge2 Rb8 31. Kc2 Rb4 32. Nd4 Rc4+ 33. Kd2 Rc8 34. Nc6+ Kd6 35. Kc3 Rc7 36. Kd4 Rb7 37. Na5 Rxb2 38. Nc4+ Ke7 39. d6+ Kd8 40. Nd5 Rxf2 41. Ndb6 Rxg2 42. Nxa4 Rg1 43. Nc5 Rd1+ 44. Ke5 Rc1 45. Kd5 Rd1+ 46. Kc6 h5 47. Ne5 h4 48. Nxf7+ Ke8 49. Ng5 h6 50. Nh3 Rc1 51. d7+ Ke7 52. Nf4 Rc3 53. Nd5+ Kd8 54. Nxc3 h3 55. N5xe4 h2 56. Nf2 h5 57. Nh1 h4 58. e4 h3 59. e5 Ke7 60. e6 Kd8 61. Nb5 Ke7 62. Kc7 Kxe6 63. d8=Q Ke5 64. Qd6+ Ke4 65. Qxh2 Kd3 66. Qxh3+ Kc4 67. Qc3+ Kxb5 68. Qc6+ Ka5 69. Qb7 Ka4 70. Nf2 Ka3 71. Nd3 Ka4 72. Qb4# 1-0


[Site "https://www.chess.com"]

[Event "Titled Tuesday Blitz March 29 Late 2022"]
[White "Vusatiuk, Vladimir"]
[Black "Manolache, Marius"]
[WhiteFideId "14118610"]
[BlackFideId "1201530"]
[WhiteElo "2157"]
[BlackElo "2389"]
[Result "0-1"]
[Round "11"]
[TimeControl "180+1"]
[Date "2022.03.29"]
[WhiteClock "0:00:06"]
[BlackClock "0:01:24"]

1. d4 Nf6 2. c4 Nc6 3. d5 Ne5 4. b3 e6 5. Bb2 Bb4+ 6. Nd2 Ne4 7. Bxe5 Bxd2+ 8. Qxd2 Nxd2 9. Kxd2 d6 10. Bc3 exd5 11. cxd5 O-O 12. Nf3 Bf5 13. e3 Be4 14. Bc4 a6 15. a4 b5 16. axb5 axb5 17. Bxb5 Rxa1 18. Rxa1 Bxd5 19. Ra4 c6 20. Rg4 g6 21. Bc4 Bxc4 22. Rxc4 c5 23. b4 Re8 24. Ke1 Qb6 25. Nd2 Qb5 26. h4 h5 27. bxc5 dxc5 28. Ke2 Re4 29. Kd3 Rxc4 30. Nxc4 Qb1+ 31. Kd2 Qa2+ 32. Nb2 Qd5+ 33. Ke2 Qxg2 34. Nd3 Qg4+ 35. Ke1 Qxh4 36. Nxc5 Qc4 37. Bd4 h4 38. Ne4 h3 39. Nf6+ Kf8 40. Bc5+ Kg7 41. Bd4 h2 42. Nh5+ Kh6 43. Ng3 h1=Q+ 44. Nxh1 Qc1+ 45. Ke2 Qxh1 46. f4 Kh5 47. Kd3 Kg4 48. Kc4 Qc6+ 49. Kd3 Kf3 50. Kd2 Qc4 51. Kd1 Qd3+ 52. Kc1 Ke2 53. Kb2 Kd1 54. f5 g5 55. f6 g4 56. Be5 Qb5+ 57. Kc3 Qxe5+ 58. Kd3 Qd5+ 59. Kc3 Qe4 60. Kb3 g3 61. Kc3 g2 62. Kb3 Kd2 63. Kb2 Qd3 64. e4 Qxe4 65. Kb3 Qd4 66. Ka3 Qc4 67. Kb2 Qd3 68. Ka2 g1=Q 69. Kb2 Qgb1# 0-1


[Site "https://www.chess.com"]

[Event "Titled Tuesday Blitz March 29 Late 2022"]
[White "Yanchenko, Roman"]
[Black "Nazari, Arad"]
[WhiteFideId "4137329"]
[BlackFideId "12577324"]
[WhiteElo "2514"]
[BlackElo "2120"]
[Result "0-1"]
[Round "11"]
[TimeControl "180+1"]
[Date "2022.03.29"]
[WhiteClock "0:00:04"]
[BlackClock "0:00:14"]

1. d4 Nf6 2. c4 g6 3. Nf3 Bg7 4. Nc3 d5 5. Bf4 O-O 6. c5 c6 7. e3 Nbd7 8. Be2 b6 9. b4 a5 10. a3 Ne4 11. Rc1 axb4 12. axb4 bxc5 13. bxc5 Ndxc5 14. O-O Bd7 15. Nxd5 cxd5 16. dxc5 Nc3 17. Qe1 Nxe2+ 18. Qxe2 Qe8 19. Rfd1 e5 20. Bg3 Bb5 21. Qb2 f6 22. Rxd5 Rf7 23. Qb3 Ba4 24. Qb1 Bc6 25. Rdd1 Rb7 26. Qc2 Bf8 27. Qc4+ Qf7 28. Qxf7+ Kxf7 29. Bxe5 Bxf3 30. c6 Bxc6 31. Rxc6 fxe5 32. g3 Re8 33. h4 e4 34. Rc4 Bg7 35. Rd5 Rbe7 36. Kg2 h5 37. Rdc5 Re5 38. Rc6 R8e6 39. Rc7+ Re7 40. Rc8 Bf6 41. R8c6 Rf5 42. Ra6 Rfe5 43. Raa4 R5e6 44. Rc5 Kg7 45. Rcc4 Kh7 46. Kg1 Bg7 47. Kg2 Kh6 48. Kg1 Bf6 49. Kg2 g5 50. hxg5+ Bxg5 51. Rc5 Re5 52. Ra6+ Kg7 53. Rcc6 Kf7 54. Rg6 Rb5 55. Kg1 h4 56. gxh4 Bxh4 57. Rg4 Bg5 58. Kg2 Rbe5 59. Ra4 Bf6 60. Ra6 Rf5 61. Rg3 Be5 62. Rg4 Bf6 63. Rg3 Bh4 64. Rg4 Bxf2 65. Rf4 Rxf4 66. exf4 e3 0-1